Cogmind - Beta 16.1 @@@ ROGUE MODE // 2026.02.10 @ 10:25:44 Player: shapeshifter Result: Destroyed by S-10 Pest with Light Assault Rifle Performance ------------- Evolutions (0) 0 Regions Visited (2) 400 Robots Destroyed (33) 165 Value Destroyed (669) 669 Prototype IDs (13) 260 Alien Tech Used (0) 0 Bonus (0) 0 TOTAL SCORE: 1494 Bonus ------- None Cogmind --------- Core Integrity 0/250 Matter 0/300 Energy 46/265 System Corruption 5% Temperature Cool (0) Movement Rolling (110) Location -10/Subcaves Parts ------- > --- POWER (1) -------- Improved Ion Engine (fused) > --- PROPULSION (2) --- Subdweller Monowheel Subdweller Monowheel > --- UTILITY (2) ------ Large Storage Unit > --- WEAPON (2) ------- Small Laser Slug Cannon > --- INVENTORY (15) --- Meta Core Large Matter Pod (150) Large Matter Pod (150) Large Matter Pod (150) Scrap Shield Small Laser 1B-0RG's Assimilator Peak State ------------ > --- POWER ------------ Improved Ion Engine > --- PROPULSION ------- Subdweller Monowheel Subdweller Monowheel > --- UTILITY ---------- Large Storage Unit Shield Generator > --- WEAPON ----------- Small Laser Slug Cannon > --- INVENTORY -------- Meta Core Light Treads Large Matter Pod Large Matter Pod Large Matter Pod Scrap Shield Small Laser 1B-0RG's Assimilator [Rating: 22] Favorites ----------- Power Improved Ion Engine Engine Improved Ion Engine Propulsion Light Treads Treads Light Treads Wheel Subdweller Monowheel Utility Large Storage Unit Device Shield Generator Storage Large Storage Unit Protection Light Armor Plating Weapon Assault Rifle Energy Gun Small Laser Ballistic Gun Assault Rifle Ballistic Cannon Slug Cannon Build | -11 -10 -10 ------- Run | Yrd Mat Sub Slots Evolved . | . . . Power . | . . . Propulsion . | . . . Utility . | . . . Weapon . | . . . Parts Attached 28 | 8 6 14 Power 4 | 1 1 2 Engine 4 | 1 1 2 Core . | . . . Reactor . | . . . Propulsion 6 | 2 . 4 Treads 4 | 2 . 2 Leg . | . . . Wheel 2 | . . 2 Hover . | . . . Flight . | . . . Utility 10 | 2 4 4 Device 3 | 1 . 2 Storage 3 | 1 2 . Processor . | . . . Hackware . | . . . Protection 4 | . 2 2 Artifact . | . . . Weapon 8 | 3 1 4 Energy Gun 3 | 1 . 2 Energy Cannon . | . . . Ballistic Gun 4 | 2 1 1 Ballistic Cannon 1 | . . 1 Launcher . | . . . Special Weapon . | . . . Impact Weapon . | . . . Slashing Weapon . | . . . Piercing Weapon . | . . . Special Melee Weapon . | . . . Unidentified Prototypes . | . . . Parts Lost 12 | . . 12 Power 2 | . . 2 Propulsion 3 | . . 3 Utility 4 | . . 4 Weapon 3 | . . 3 Highest Loss Streak 6 | . . 6 To Critical Strikes . | . . . Average Backups 10 | 3 11 10 Power . | . 1 . Propulsion 1 | 1 1 1 Utility 6 | . 7 7 Weapon 1 | . . 1 Tool/Special . | . . . Unused Backups 13 | . 5 8 Power 3 | . 3 . Propulsion 2 | . 2 . Utility 6 | . . 6 Weapon . | . . . Tool/Special 2 | . . 2 Average Slot Usage (%) 97 | . 100 95 Engine 13 | . 14 13 Treads 24 | . 28 21 Wheel 2 | . . 4 Device 2 | . 1 3 Storage 14 | . 14 14 Protection 11 | . 12 9 Energy Gun 6 | . 1 12 Ballistic Gun 16 | . 26 5 Ballistic Cannon 4 | . . 9 Peak Build Rating 22 | 7 10 22 Average Rating 10 | 5 8 13 On Entrance 5 | . 7 10 Avg Prop Armor Cover (%) . | . . . Naked Turns . | . . . Heaviest Build 38 | 13 34 38 Greatest Support 40 | 40 40 40 Greatest Overweight (x) 1 | . . 1 Average Overweight (x) . | . . . Largest Inventory Capacity 15 | 8 15 15 Average Capacity 13 | 7 13 15 Most Carried 15 | 6 15 15 Average Carried 11 | 3 11 12 Final Capacity 15 | 8 15 15 Final Carried 15 | 5 15 12 Class Distribution -------------------- 100% | Mutant Dominant Class ---------------- Mutant | -10/Materials Mutant | -10/Subcaves Resources | -11 -10 -10 ----------- Run | Yrd Mat Sub Matter Collected 1535 | 301 780 454 Remotely . | . . . Salvage Created 889 | 113 590 186 Parts 73 | 3 50 20 Haulers Intercepted 2 | . 2 . Recyclers Shooed . | . . . Parts Field Recycled . | . . . Retrieved Matter . | . . . Parts Self-Destructed 13 | . . 13 Prevented . | . . . Parts Restored . | . . . Kills | -11 -10 -10 ------- Run | Yrd Mat Sub Combat Hostiles Destroyed 21 | . 12 9 Guns 15 | . 12 3 Cannons 6 | . . 6 Classes Destroyed 8 | 2 5 1 Worker 4 | . 4 . Tunneler 3 | 2 1 . Hauler 2 | . 2 . Recycler 1 | 1 . . Watcher 2 | . 2 . Swarmer 7 | . 3 4 Grunt 9 | . 9 . Subdweller 5 | . . 5 Best Kill Streak 3 | 2 3 2 Combat Bots Only 3 | . 3 2 Max Kills in Single Turn 1 | 1 1 1 Gunslinging . | . . . Exploded . | . . . Melee . | . . . Uniques/NPCs Destroyed . | . . . Combat | -11 -10 -10 -------- Run | Yrd Mat Sub Hostile Shots Fired 206 | . 68 138 Missed 49 | . 14 35 Hits 157 | . 54 103 Projectile 157 | . 54 103 AOE 3 | . . 3 Critical Strikes 2 | . 1 1 Damage Taken 1978 | . 597 1381 Core 254 | . 89 165 Absorbed by Shields 130 | . . 130 Core Remaining (%) 100 | 100 . . Volleys Fired 163 | 7 66 90 Largest 2 | 2 2 2 Hottest 80 | 70 70 80 Shots Fired 267 | 14 131 122 Gun 201 | 14 131 56 Cannon 66 | . . 66 Launcher . | . . . Special . | . . . Kinetic 233 | 7 126 100 Thermal 34 | 7 5 22 Explosive . | . . . Electromagnetic . | . . . Robot Hit Streak 32 | 6 9 32 Robot Miss Streak 9 | 2 4 9 Penetration Max . | . . . Secondary Targets 3 | . 2 1 Max Gunslinging Chain 1 | . 1 1 Shots Hit Robots 146 | 9 82 55 Core Hits 51 | 4 33 14 Critical Kills 3 | . 1 2 Critical Parts Destroyed 1 | . . 1 Critical Strikes 5 | . 1 4 Destroy 5 | . 1 4 Melee Attacks . | . . . Impact . | . . . Slashing . | . . . Piercing . | . . . Sneak Attacks . | . . . Combat Hostiles . | . . . Follow-up Attacks . | . . . Damage Inflicted 1999 | 110 1119 770 Guns 1673 | 110 1098 465 Cannons 305 | . . 305 Explosions . | . . . Melee . | . . . Ramming 21 | . 21 . Kinetic 1725 | 59 1061 605 Thermal 253 | 51 37 165 Explosive . | . . . Electromagnetic . | . . . Impact . | . . . Slashing . | . . . Piercing . | . . . Highest Corruption 5 | . 5 5 Average Corruption 4 | . 3 5 Corruption Purged . | . . . Corruption Blocked . | . . . Effects 61 | . 24 37 Message Errors 13 | . 4 9 Matter Fused 14 | . 7 7 Heat Flow Errors 11 | . 5 6 Energy Discharges 5 | . 1 4 Parts Fused 1 | . . 1 Data Loss (minor) 10 | . 3 7 Data Loss (major) 2 | . . 2 Misfires 1 | . 1 . Alerts 2 | . 1 1 Weapon Failures 2 | . 2 . Overload Shots . | . . . Overflow Damage 38 | . . 38 Projectiles 38 | . . 38 Explosions . | . . . Melee . | . . . Knockbacks 1 | . . 1 Impact . | . . . Kinetic 1 | . . 1 Secondary . | . . . Self-Inflicted Damage . | . . . Shots . | . . . Rammed 1 | . 1 . Targets Rammed 3 | . 3 . Kicked . | . . . Crushed 2 | . 2 . Highest Temperature 255 | 36 230 255 Average Temperature 60 | 15 58 100 Received Heat Transfer 390 | . 309 81 Siege Activations . | . . . Martial Activations . | . . . Shielding Activations . | . . . Robots Disrupted . | . . . Combat Hostiles . | . . . Robots Corrupted . | . . . Combat Hostiles . | . . . Parts Fried . | . . . Impact Corruptions . | . . . Robots Melted . | . . . Combat Hostiles . | . . . Parts Melted . | . . . Heat Transferred 634 | 148 111 375 Parts Sabotaged . | . . . Parts Stolen . | . . . Parts Stripped . | . . . Power Chain Reactions . | . . . Alert | -11 -10 -10 ------- Run | Yrd Mat Sub Maximum Alert Level . | . . . Low Security (%) 100 | 100 100 . Level 1 . | . . . Level 2 . | . . . Level 3 . | . . . Level 4 . | . . . Level 5 . | . . . High Security . | . . . Max Security . | . . . Peak Influence 108 | 5 108 . Initial . | . . . Average 25 | 1 28 . Influence Increases 537 | 15 387 135 Destroy 0b10 Robot/C 320 | . 240 80 Destroy 0b10 Robot/NC 60 | 15 45 . Destroy Leader 78 | . 68 10 Successful Hack 32 | . 32 . Destroy Structure 2 | . 2 . Lose Combat Pursuer 45 | . . 45 Influence Decreases 470 | 15 387 68 Time Decay 460 | 15 387 58 Lost Part 10 | . . 10 Squads Dispatched 3 | . 3 . Investigation 1 | . 1 . Extermination . | . . . Reinforcement 2 | . 2 . Assault . | . . . Garrison . | . . . Intercept . | . . . Searches Triggered . | . . . Construction Impeded . | . . . Haulers Reinforced . | . . . Active Scanning Responses . | . . . Cargo Convoy Interrupts . | . . . Stealth | -11 -10 -10 --------- Run | Yrd Mat Sub Distress Signals . | . . . Communications Jammed . | . . . Distress Signals . | . . . Times Spotted 34 | . 22 12 Peak Tracking Total 5 | . 4 5 Tactical Retreats 1 | . . 1 Traps | -11 -10 -10 ------- Run | Yrd Mat Sub Traps Triggered 5 | . 4 1 Indirectly . | . . . Trap Hack Attempts . | . . . Triggered . | . . . Disarmed 1 | . 1 . Reprogrammed . | . . . Reused . | . . . Traps Extracted . | . . . Installed . | . . . Triggered . | . . . Machines | -11 -10 -10 ---------- Run | Yrd Mat Sub Machines Disabled 2 | . . 2 Max in Single Turn 1 | . . 1 Machines Repaired . | . . . Machines Dismantled . | . . . Machines Sabotaged . | . . . Overloaded Fab Kills . | . . . Hacking | -11 -10 -10 --------- Run | Yrd Mat Sub Machines Accessed 8 | . 7 1 Terminals 6 | . 6 . Fabricators . | . . . Repair Stations . | . . . Recycling Units 1 | . 1 . Scanalyzers . | . . . Garrison Access . | . . . Total Hacks 22 | . 21 1 Successful 16 | . 15 1 Failed 6 | . 6 . Catastrophic 2 | . 2 . Database Lockouts . | . . . Manual 18 | . 18 . Terminals 20 | . 20 . Fabricators . | . . . Repair Stations . | . . . Recycling Units 1 | . 1 . Scanalyzers . | . . . Garrison Access . | . . . Terminal Hacks 6 | . 5 1 Terminal Index 1 | . 1 . Disarm Traps 2 | . 2 . Zone Layout 2 | . 2 . Proto ID Catalog 1 | . . 1 Fabricator Hacks . | . . . Repair Station Hacks . | . . . Recycling Unit Hacks 1 | . 1 . Retrieve Components 1 | . 1 . Scanalyzer . | . . . Garrison Access Hacks . | . . . Unauthorized Hacks 9 | . 9 . Terminals 9 | . 9 . Botnet 3 | . 3 . Skim 6 | . 6 . Fabricators . | . . . Repair Stations . | . . . Recycling Units . | . . . Scanalyzers . | . . . Garrison Access . | . . . Data Cores Recovered . | . . . Used . | . . . Hacking Detections 5 | . 5 . Full Trace Events . | . . . Feedback Events . | . . . Feedback Blocked . | . . . Robot Schematics Acquired . | . . . Robots Built . | . . . Authchips . | . . . Time . | . . . Total Robot Build Rating . | . . . Part Schematics Acquired . | . . . Parts Built . | . . . Authchips . | . . . Time . | . . . Total Part Build Rating . | . . . Part Studies Acquired . | . . . Parts Repaired . | . . . Time . | . . . Parts Recycled . | . . . Recycled Matter . | . . . Retrieved Matter . | . . . Retrieved Components 9 | . 9 . Parts Scanalyzed . | . . . Part Schematics Acquired . | . . . Parts Damaged . | . . . Bothacking | -11 -10 -10 ------------ Run | Yrd Mat Sub Used RIF Installer . | . . . Robots Hacked . | . . . Non-combat . | . . . Combat . | . . . Robot Hacks Applied . | . . . Relay Couplers Released . | . . . Fabnet Peak Effective % . | . . . Robots Rewired . | . . . Allies Hacked . | . . . Hacks Repelled . | . . . Allies | -11 -10 -10 -------- Run | Yrd Mat Sub Total Allies . | . . . Largest Group . | . . . Highest-Rated Group . | . . . Highest-Rated Ally . | . . . Total Orders . | . . . Ally Attacks . | . . . Total Damage . | . . . Kills . | . . . Allies Corrupted . | . . . Allies Melted . | . . . Intel | -11 -10 -10 ------- Run | Yrd Mat Sub Active Infowar (turns) 189 | 18 115 56 Terrain 56 | . . 56 Seismic 133 | 18 115 . Robot Analysis Total . | . . . Derelict Logs Recovered . | . . . Drone Launches . | . . . Drone Recoveries . | . . . Exploration | -11 -10 -10 ------------- Run | Yrd Mat Sub Turns Passed 3049 | 141 1520 1388 Spaces Moved 1547 | 74 774 699 Core 16 | 16 . . Treads 1387 | 58 774 555 Legs . | . . . Wheels 144 | . . 144 Hover . | . . . Flight . | . . . Fastest Speed 50 | 50 160 110 Average Speed 157 | 136 160 157 Slowest Speed 240 | 160 160 240 Overloaded Moves . | . . . Propulsion Burnouts . | . . . Robots Hopped . | . . . Potential Cave-ins . | . . . Cave-ins Triggered . | . . . Exploration Rate (%) 45 | 4 91 42 Regions Visited 2 Branch Regions 1 Pre-discovered Areas 1 | . 1 . Known Exits Taken . | . . . Unknown Exits Taken 2 | 1 1 . Scrap Searched 3 | . . 3 Spaces Dug . | . . . Terrain Destroyed 19 | . . 19 Melee . | . . . Projectile 19 | . . 19 AOE . | . . . Terrain Rammed . | . . . Walls Destroyed . | . . . Machines Disabled . | . . . Actions | -11 -10 -10 --------- Run | Yrd Mat Sub Total 1895 | 100 926 869 Wait 98 | . 44 54 Move 1545 | 73 773 699 Hop . | . . . Pick Up 40 | 12 21 7 Fast Attach 1 | . 1 . Attach 18 | 7 . 11 Detach . | . . . Swap 10 | 1 5 4 Drop 17 | . 13 4 Fire 163 | 7 66 90 Melee . | . . . Ram . | . . . Kick . | . . . Crush 3 | . 3 . Escape Stasis . | . . . Rewire . | . . . Trap . | . . . Miscellaneous . | . . . Route ------- -11/Scrapyard -10/Materials (discovered 6 exits: [*Mat x3] / [*Min x2] / *Sub) -10/Subcaves (discovered 3 exits: Mat x2 / Rec) History --------- Turn | Location | Event 3 | -11/Scrapyard | Discovered new exit (range 15) 142 | -11/Scrapyard | Entered Materials 316 | -10/Materials | Build established: Mutant 372 | -10/Materials | Discovered new exit (range 14) 425 | -10/Materials | Discovered new exit (range 15) 495 | -10/Materials | Discovered new exit (range 7) 575 | -10/Materials | Discovered new exit (range 14) 861 | -10/Materials | Discovered new exit (range 7) 904 | -10/Materials | Discovered new exit (range 6) 918 | -10/Materials | Learned Storage stockpile data 1362 | -10/Materials | Learned location of 1 exit from Recycling 1363 | -10/Materials | Learned location of Storage (-9) 1395 | -10/Materials | Learned location of 1 exit from Recycling 1662 | -10/Materials | Entered Subcaves 1663 | -10/Subcaves | Approached by a straggling Scientist 1663 | -10/Subcaves | Identified exit to Materials 1663 | -10/Subcaves | Identified exit to Recycling 1829 | -10/Subcaves | Core integrity fell below 50% 1871 | -10/Subcaves | Lost 6 parts (1p2n1u2w) 2359 | -10/Subcaves | A swath of the cavern ceiling suddenly collapsed 2704 | -10/Subcaves | Visited 4L-MR0's lab 2720 | -10/Subcaves | Found Meta Core 2726 | -10/Subcaves | Found Prototype Special Melee Weapon 2958 | -10/Subcaves | A swath of the cavern ceiling suddenly collapsed 2960 | -10/Subcaves | Curiously followed by a Cobbler waking with a query about "LVR3C" 3020 | -10/Subcaves | Core integrity fell below 20% 3050 | -10/Subcaves | Destroyed by S-10 Pest with Light Assault Rifle Last Messages --------------- 02958_ 12 Matter crushed. A swath of the cavern ceiling suddenly collapses. 02960_ OG-QKR(O) wakes at your presence. 02960_ OG-QKR(O): "LVR3C?" 02960_ OG-QKR(O) collects matter. 02968_ System corrupted: Energy discharge (-71). 02971_ Slug penetrates Earth. 03001_ System corrupted: IFF burst signal emitted. 03017_ System corrupted: Energy discharge (-51). 03036_ System corrupted: Matter fused (-7). 03036_ S-10 Pest suffers critical hit (Destroy). 03036_ S-10 Pest destroyed. 03042_ S-10 Pest suffers critical hit (Destroy). 03042_ S-10 Pest destroyed. 03043_ Flight Unit fries itself beyond repair. 03046_ Lgt. Ion Engine fries itself beyond repair. 03046_ Shield Generator destroyed. Map ----- +----------------------------------------------------+ | #????????????????????????????????????????????????? | | #????????????????????????????????????????????????? | | #????????????????????????????????????????????????? | | ?????????????????????????????????????????????????? | | ?????????????????????????????????????????????????? | | ?????????????????????????????????????????????????? | | ?????????????????????????????????????????????????? | | ?????????????????????????????????????????????????? | | ?????????????????????????????????????????????????? | | ##???????????????????????????????????????????????? | | #???????????????????????????????????????????????? | | #???????????????????????????????????????????????? | | #???????????????????????????????????????????????? | | #???????????????????????????????????????????????? | | #???????????????????????????????????????????????? | | ##???????????????????????????????????????????????? | | ?????????????????????????????????????????????????? | | ?????????????????????????????????????????????????? | | ?????????????????????####????????????????????????? | | #?????????????####??##";##???????????????????????? | | ###??????????########"#;;#???????????????????????? | | #?????????##"#" " "## #??#????????????????????? | | ##????????##"#"##""#""# #?;#????????????????????? | | #????????###""##"#####";##;#????????????????????? | | ##??????## #""#"#??""### ;#?????????????????????? | | ##?????# ##"#???##"##@##?????????????????????? | | ##????# ##????#"";;=%#?????????????????????? | | ###??## "########;s[%%####?????????????????? | | #???# # ##;; s #?????????????????? | | #??## ";#;#% "" ??????????? | | %% ##?## " ## # %"?????????? | | ##?# ### ## ## ?>????????? | | #?# % ####?# #?;#?# ???????????? | | % #### ###????###?##??## ??????????? | | #?#% ####??????#??????? ???????????? | | #?# ### #??????? "???????????? | | % #?# ????????????????????? | | ### ### ????????????????????? | | ??#### ## % % ????????????????????? | | ????## % ### ????????????????????? | | ????# #??#### ?????????????????????? | | ???# ## #???? ??????????????????????? | | ???# ####### #?????????????????????????? | | ??# ##??????# ## #????????????????????????? | | # #???????? #?? #????????????????????????? | | # #???????? #????#????????????????????????? | | ## ##????????? #?????????????????????????????? | | ?# #??????????? ?????????????????????????????? | | # #????????????? ????????????????????????????? | | #??????????????? ????????????????????????????? | +----------------------------------------------------+ Best States ------------- Heat Dissipation 25 Energy Generation 12 Energy Capacity 265 Matter Stores 300 Matter Capacity 300 Sight Range 16 Terrain Scan Range 16 Terrain Scan Density 10 Armor Coverage 150 Evasion (%) 50 Recoil Reduction 2 Item Schematics ----------------- None Robot Schematics ------------------ None Fabricated ------------ Nothing Repaired ---------- Nothing Studied --------- None Alien Tech Used ----------------- None Achievements -------------- None Challenges ------------ None Game ------ Seed PowerLauncherTelecube Manual? 0 Play Time 00:12:49 Cumulative 688.6 hours Start 2026.02.10 @ 10:14:26 End 2026.02.10 @ 10:25:44 Sessions 1 Manual Loads 0 Difficulty Rogue Special Mode None Game No. 854 Rogue 854 Adventurer 0 Explorer 0 Win Type - Total 25 Types 12/1/3/3/2/0/2/2/0/0 Lore% 96 Gallery% 89 Achievement% 82 Wizard Run 0 Options --------- Layout 2 ASCII 0 Keyboard 0 Movement Mouse Keybinds 0 Fullscreen 2 Font 24/Tamsyn Map View 50x44 Zoom Use 0% Tactical HUD 1 Map Filters NONE Filters NONE Steam 1 RUN: 5b88b155-fc8f-4740-883e-e3af22e98edb